 Dungeon Crawl Stone Soup version 0.31-a0-965-g8a8ce12e04 (webtiles) character file.

Game seed: 4809889390960306543

329 wildpjah the Slasher (level 6, -4/49 HPs)
             Began as a Human Monk on Oct 26, 2023.
             Was a Believer of Dithmenos.
             Slain by a gnoll sergeant
             ... wielding a +6 heavy spear
              (7 damage)
             ... on level 4 of the Dungeon.
             The game lasted 00:06:56 (3439 turns).

wildpjah the Slasher (Human Monk)                   Turns: 3439, Time: 00:06:57

Health: -4/49      AC:  4    Str: 11    XL:     6   Next: 80%
Magic:  6/6        EV:  7    Int: 17    God:    Dithmenos [**....]
Gold:   147        SH:  0    Dex: 17    Spells: 5/5 levels left

rFire   . . .        a - +0 falchion
rCold   . . .        (no shield)
rNeg    + . .        b - +0 robe
rPois   .            i - +2 hat
rElec   .            (no cloak)
rCorr   .            (no gloves)
SInv    .            (no boots)
Will    .....        (no amulet)
Stlth   ++           s - ring of positive energy
HPRegen 0.28/turn    o - +6 ring of intelligence
MPRegen 0.10/turn

%: no passive effects
@: held, wreathed by umbra
A: no striking features
a: Renounce Religion, Shadow Step


You were on level 4 of the Dungeon.
You worshipped Dithmenos.
Dithmenos was pleased with you.
You visited 2 branches of the dungeon, and saw 5 of its levels.

You collected 147 gold pieces.

Inventory:

Hand Weapons
 a - a +0 falchion (weapon)
 h - a +2 dagger of draining
Armour
 b - a +0 robe (worn)
 d - an orb of light
 i - a +2 hat (worn)
 r - a +2 pair of gloves
Jewellery
 o - a +6 ring of intelligence (right hand)
 s - a ring of positive energy (left hand)
Wands
 v - a wand of acid (1)
Scrolls
 m - a scroll of revelation {unknown}
 p - a scroll of noise {unknown}
 q - 2 scrolls of butterflies {unknown}
 t - 2 scrolls of identify
 u - a scroll of teleportation {unknown}
Potions
 c - a potion of ambrosia
 e - a potion of curing
 f - a potion of mutation {unknown}
 g - 2 potions of lignification {unknown}
 j - a potion of cancellation {unknown}
 k - a potion of degeneration {unknown}
 l - 2 potions of heal wounds {unknown}
 n - a potion of magic {unknown}


   Skills:
 + Level 4.3 Fighting
 + Level 5.3 Long Blades
 + Level 4.2 Dodging
 + Level 1.0 Stealth


You had 5 spell levels left.
You didn't know any spells.
Your spell library contained the following spells:

 Spells                   Type           Power      Damage    Failure   Level
 Kiss of Death            Conj/Necr      0%         2d5       24%         1
 Confusing Touch          Hex            0%         N/A       56%         3
 Dispel Undead            Necr           0%         3d6       93%         4


Dungeon Overview and Level Annotations

Branches:
Dungeon (4/15)             Temple (1/1) D:4

Altars:
Ashenzari
Cheibriados
Dithmenos
Fedhas
Hepliaklqana
Kikubaaqudgha
Makhleb
Okawaru
Qazlal
Ru
Uskayaw
Vehumet
Wu Jian
Xom
The Shining One


Message History

The gnoll closely misses you.
You closely miss the gnoll.
The gnoll is severely wounded.
The gnoll closely misses you.
The gnoll hits you from afar with a +0 spear.
You hit the gnoll.
The gnoll is severely wounded.
The gnoll sergeant hits you from afar with a +6 heavy spear!
The gnoll barely misses you. The gnoll closely misses you.
You hit the gnoll but do no damage.
The gnoll is severely wounded.
The gnoll closely misses you. The gnoll barely misses you.
The gnoll sergeant misses you.
Press: ? - help, v - describe, . - travel
Here: a gnoll, wielding a +0 flail and quivering a throwing net (umbra)
An open door.
You hit the gnoll.
You kill the gnoll!
Dithmenos accepts your kill.
You don't know any spells.
The gnoll hits you from afar with a +0 spear.
You see here a +0 flail.
You hit the gnoll sergeant but do no damage.
The gnoll sergeant hits you with a +6 heavy spear!
* * * LOW HITPOINT WARNING * * *
The gnoll barely misses you.
Press: ? - help, v - describe, . - travel
Here: a gnoll sergeant, wielding a +6 heavy spear and wearing a +0 ring mail (umbra)
An open door.
The gnoll sergeant misses you.
The gnoll throws a throwing net.
The throwing net hits you.
You become entangled in the net!
You see here a throwing net.
You struggle against the net.
You struggle against the net.
The gnoll sergeant hits you from afar with a +6 heavy spear!
* * * LOW HITPOINT WARNING * * *
You struggle against the net.
The gnoll sergeant hits you from afar with a +6 heavy spear!
You die...

#.# #.....### ######.##
#....... #.......#
#.....#.# #.####..#
#...≈≈≈≈≈ #.###...#
#...≈# #.##....###.##≈##
###
#.##..........≈≈#...#
#.##.##.#####.gg'..!#
#.........@.gg≈≈#...#
########.......##.≈##
### .........#[.#....≈#
####..#####.#..#....≈≈≈
#........##.#........#.#
#.##..##.##.####.###.#.#
..##........# #.# ..# #
.......§.§..# #.# .#
#####...§§.##


You could see a gnoll sergeant and 3 gnolls.

Vanquished Creatures
  A centaur (D:4)
  A kobold brigand (D:3)
  A hound (D:2)
  An orc wizard (D:3)
  A gnoll (D:4)
  4 adders
  A worm (D:3)
  2 dart slugs (D:2)
  3 orcs (D:3)
  10 bats
  6 endoplasms
  2 giant cockroaches
  6 goblins
  4 hobgoblins
  6 quokkas
  4 ball pythons
  10 kobolds
  2 rats
65 creatures vanquished.

Notes
Turn   | Place    | Note
-------+----------+-------------------------------------------
     0 | D:1      | wildpjah the Human Monk began the quest for the Orb.
     0 | D:1      | Reached XP level 1. HP: 18/18 MP: 1/1
   151 | D:1      | Reached XP level 2. HP: 17/24 MP: 2/2
   637 | D:1      | Reached XP level 3. HP: 20/25 MP: 3/3
  1404 | D:2      | Reached XP level 4. HP: 34/34 MP: 4/4
  1765 | D:2      | HP: 1/34 [hound (5)]
  1768 | D:2      | Reached skill level 4 in Long Blades
  1927 | D:3      | Reached XP level 5. HP: 14/42 MP: 5/5
  2311 | D:3      | Found a snail-covered altar of Cheibriados.
  2893 | D:3      | Noticed a kobold brigand
  2915 | D:3      | Killed a kobold brigand
  2916 | D:3      | Reached skill level 5 in Long Blades
  2916 | D:3      | Reached skill level 1 in Stealth
  2916 | D:3      | Reached XP level 6. HP: 31/48 MP: 6/6
  3296 | D:4      | Found a staircase to the Ecumenical Temple.
  3309 | Temple   | Entered the Ecumenical Temple
  3319 | Temple   | Became a worshipper of Dithmenos the Shadowed
  3319 | Temple   | Reached * piety under Dithmenos
  3319 | Temple   | Reached ** piety under Dithmenos
  3438 | D:4      | HP: 2/49 [gnoll sergeant/+6 heavy spear (12)]
  3439 | D:4      | Slain by a gnoll sergeant

Illustrated notes

Levels and vault maps discovered:
D:1:      minmay_arrival_loop, layout_loops_corners, hangedman_decor_growths,
          st_stairs_8, minivault_14, minmay_misc_feat_x
D:2:      layout_loops_ring, hex_medium
D:3:      cheibrodos_thug_alley, layout_basic, nicolae_overflow_crystal_walls,
          cheibrodos_sewer_entry_bend
D:4:      layout_loops_cross, kennysheep_mini_moat,
          gammafunk_temple_overflow_elements, minmay_temple_entry_purple_smoke,
          serial_shops, shop, hangedman_glass_teeth, lightli_minifort
Temple:   nicolae_temple_great_sept

Skill      XL: |  1  2  3  4  5 |
---------------+----------------+-----
Long Blades    | 4 5 |  5.3
Fighting       | 4 |  4.3
Dodging        | 4 |  4.2
Stealth        | 1 |  1.0

Action                     |  1- 3 |  4- 6 || total
---------------------------+-------+-------++-------
  Melee: Falchion          |    86 |   148 ||   234
         Dagger            |       |    17 ||    17
    Use: Scroll            |       |     3 ||     3
 Armour: Robe              |    33 |   110 ||   143
  Dodge: Dodged            |    65 |   116 ||   181

Table legend: (Time is in decaauts)
 A = Elapsed time spent in this place.
 B = Non-inter-level travel time spent in this place.
 C = Inter-level travel time spent in this place.
 D = Time resting spent in this place.
 E = Time spent auto-exploring this place.
 F = Levels seen in this place.
 G = Mean time per level.
                   A        B        C        D        E       F      G
               +--------+--------+--------+--------+--------+-----+--------+
         Total |   3471 |   3348 |    123 |    194 |   2518 |   5 |  694.2 |
       Dungeon |   3445 |   3340 |    105 |    194 |   2518 |   4 |  861.2 |
        Temple |     25 |      7 |     18 |      0 |      0 |   1 |   25.0 |
               +--------+--------+--------+--------+--------+-----+--------+

Top non-repeatable levels by time:
     D:3: 1194 daAuts
     D:1: 1127 daAuts
     D:2: 775 daAuts
     D:4: 347 daAuts
  Temple: 25 daAuts
